 Dungeon Crawl Stone Soup version 0.22-a0-538-g76cc104 (webtiles) character file.

9458 kae the Martial Artist (level 11, -2/83 HPs)
             Began as a Demonspawn Transmuter on June 23, 2018.
             Was a High Priest of Okawaru.
             Slain by a troll (3 damage)
             ... on level 11 of the Dungeon.
             The game lasted 00:11:43 (10730 turns).

kae the Martial Artist (Demonspawn Transmuter)     Turns: 10730, Time: 00:11:43

Health: -2/83      AC: 17    Str: 15    XL:     11   Next: 23%
Magic:  19/20      EV: 16    Int: 14    God:    Okawaru [*****.]
Gold:   584        SH:  9    Dex: 16    Spells: 16/22 levels left

rFire    + . .     SeeInvis .     - Unarmed
rCold    . . .     Gourm    .   G - +0 buckler
rNeg     . . .     Faith    .   K - +1 scale mail
rPois    +         Spirit   .   (no helmet)
rElec    .         Reflect  +   i - +0 cloak
rCorr    .         Harm     .   (gloves unavailable)
MR       .....                  H - +2 pair of boots "Coor" {Str+3}
Stlth    ++........             z - +3 amulet of reflection
HPRegen  0.23/turn              r - ring of poison resistance
MPRegen  0.17/turn              p - +3 ring of protection

@: heroism
A: claws 3, repulsion field 2, fire resistance 1, spiny 1, flame cloud immunity
a: Heroism, Finesse, Renounce Religion


You were on level 11 of the Dungeon.
You worshipped Okawaru.
Okawaru was extremely pleased with you.
You were not hungry.

You visited 2 branches of the dungeon, and saw 12 of its levels.

You collected 668 gold pieces.
You spent 84 gold pieces at shops.

Inventory:

Hand Weapons
 f - a +1 hand axe
Missiles
 a - 345 arrows
Armour
 b - a +0 robe
 h - a +0 leather armour
 i - a +0 cloak (worn)
 C - a +0 plate armour
 G - a +0 buckler (worn)
 H - the +2 pair of boots "Coor" (worn) {Str+3}
   (You found it on level 11 of the Dungeon)

   It affects your strength (+3).
 K - a +1 scale mail (worn)
Jewellery
 k - an uncursed ring of fire
 p - a +3 ring of protection (right claw)
 r - a ring of poison resistance (left claw)
 x - an uncursed amulet of rage
 y - an uncursed ring of ice
 z - a +3 amulet of reflection (around neck)
Wands
 A - a wand of flame (27)
 E - a wand of polymorph (12)
 I - a wand of paralysis (15)
Scrolls
 c - a scroll of identify
 e - 5 scrolls of teleportation
 j - 3 scrolls of amnesia
 u - 3 scrolls of remove curse
 B - 2 scrolls of fear
 F - a scroll of blinking
Potions
 g - 2 potions of mutation
 l - 4 potions of curing
 m - a potion of cancellation
 n - 2 potions of invisibility
 o - 3 potions of magic
 q - 3 potions of degeneration {unknown}
 s - 3 potions of might {unknown}
 t - a potion of agility {unknown}
 v - a potion of haste {unknown}
 w - 2 potions of flight {unknown}
 D - a potion of heal wounds
Comestibles
 d - 26 rations
 J - 2 chunks of flesh


   Skills:
 + Level 6.8(11.8) Fighting
 + Level 4.9(9.9) Armour
 - Level 1.7(6.7) Dodging
 + Level 2.0(7.0) Shields
 * Level 9.3(14.3) Unarmed Combat
 + Level 6.4 Spellcasting
 + Level 7.7 Transmutations
 + Level 6.4 Invocations


You had 16 spell levels left.
You knew the following spells:

 Your Spells              Type           Power        Failure   Level  Hunger
a - Beastly Appendage     Tmut           ####..       1%          1    None
b - Sticks to Snakes      Tmut           ####....     2%          2    #......
c - Spider Form           Tmut/Pois      ###.......   28%         3    ##.....

Your spell library contained the following spells:

 Spells                   Type           Power        Failure   Level  Hunger
 Throw Frost              Conj/Ice       #.....       56%         2    #......
 Freeze                   Ice            #...         41%         1    None
 Summon Ice Beast         Ice/Summ       #.......     99%         4    ####...
 Ozocubu's Armour         Chrm/Ice       #.......     80%         3    ##.....
 Blade Hands              Tmut           ####......   45%         5    ######.
 Ice Form                 Ice/Tmut       ###.....     67%         4    ####...
 Throw Icicle             Conj/Ice       #.......     99%         4    ####...


Dungeon Overview and Level Annotations

Branches:
Dungeon (11/15)            Temple (1/1) D:7            Lair (0/6) D:11
    Orc (0/2) D:11

Altars:
Ashenzari
Cheibriados
Dithmenos
Elyvilon
Fedhas
Gozag
Hepliaklqana
Kikubaaqudgha
Makhleb
Nemelex Xobeh
Okawaru
Qazlal
Ru
Sif Muna
Trog
Uskayaw
Vehumet
Wu Jian
Xom
Yredelemnul
Zin
The Shining One

Shops:
D:6 [   D:7 ?   D:9 %

Annotations:
D:7 Joseph


Innate Abilities, Weirdness & Mutations

You have claws for hands.
You are surrounded by a moderate repulsion field. (EV +3)
Your flesh is heat resistant. (rF+)
You are partially covered in sharp spines.
You are immune to clouds of flame.


Message History

Your base Shields skill increases to level 2!
You see here a vampire mosquito corpse.
You block something's attack. Something hits you!
Something hits you but does no damage.
You mangle something!! Something hits you but does no damage.
Something hits you.
You mangle the troll!!
The troll is severely wounded.
The troll bites you!
* * * LOW HITPOINT WARNING * * *
The troll claws you!
* * * LOW HITPOINT WARNING * * *
You block the troll's attack.
You scratch the troll.
The troll is severely wounded.
You block something's attack. Something hits you but does no damage.
The troll closely misses you. The troll claws you.
* * * LOW HITPOINT WARNING * * *
The troll claws you.
You die...

.....# #..#####.####
≈....# #..#.........#
≈....# #..#....#....#
. .....#
#..#..#...#..# ..
.....#
#..#.........#.#
.....#
#....#..#..#T./
.....# #..#.........#
###### #..#..#..T#..#
########..#...)#@...#
..).......#....†.|..#
(.≈≈≈.....#####.#####
≈≈≈≈≈≈............
≈≈≈≈≈≈.............
≈≈≈≈≈≈..##########..#
.≈≈≈....# ..#
........# ..
........# #.


You could see a troll.

Vanquished Creatures
  Erolcha (D:10)
  Erica (D:10)
  3 two-headed ogres
  A komodo dragon (D:10)
  2 trolls (D:10)
  2 hippogriffs (D:8)
  6 yaks (D:11)
  A vampire mosquito (D:11)
  3 hungry ghosts
  A water moccasin (D:10)
  A black bear (D:8)
  2 orc warriors (D:9)
  5 ogres
  2 sky beasts
  2 phantoms
  An ice beast (D:5)
  2 necrophages
  3 centaurs (D:10)
  7 bullfrogs
  A gnoll sergeant (D:7)
  A scorpion (D:6)
  An electric eel (D:11)
  5 howler monkeys
  2 crimson imps (D:10)
  2 quasits
  3 jellies
  3 hounds
  2 bullfrog skeletons
  6 orc priests
  7 worker ants
  2 iguanas
  7 orc wizards
  2 hound skeletons
  A howler monkey zombie (D:10)
  A worker ant zombie (D:7)
  6 adders
  3 gnolls (D:7)
  2 shadow imps
  An adder skeleton (D:8)
  2 adder zombies
  3 worms
  3 dart slugs (D:1)
  4 leopard geckos
  26 orcs
  2 ball pythons
  6 bats
  5 giant cockroaches
  5 goblins
  5 hobgoblins
  12 jackals
  11 kobolds
  A quokka (D:7)
  10 frilled lizards
  2 leopard gecko skeletons
  A quokka skeleton (D:6)
  4 rats
206 creatures vanquished.

Vanquished Creatures (collateral kills)
  Prince Ribbit (D:6)
  A worker ant zombie (D:5)
2 creatures vanquished.

Grand Total: 208 creatures vanquished

Notes
Turn   | Place    | Note
-------+----------+-------------------------------------------
     0 | D:1      | kae the Demonspawn Transmuter began the quest for the Orb.
     0 | D:1      | Reached XP level 1. HP: 15/15 MP: 3/3
   250 | D:1      | Gained mutation: You are partially covered in sharp spines. [demonic ancestry]
   250 | D:1      | Reached XP level 2. HP: 20/21 MP: 5/5
   270 | D:1      | Learned a level 2 spell: Sticks to Snakes
   334 | D:1      | Reached skill level 3 in Unarmed Combat
   711 | D:1      | Gained mutation: You have sharp fingernails. [demonic ancestry]
   711 | D:1      | Reached XP level 3. HP: 25/26 MP: 6/6
   712 | D:1      | Found a shattered altar of Ashenzari.
  1944 | D:2      | Gained mutation: You have very sharp fingernails. [demonic ancestry]
  1944 | D:2      | Reached XP level 4. HP: 33/33 MP: 7/7
  1965 | D:2      | Learned a level 3 spell: Spider Form
  2644 | D:3      | Gained mutation: You have claws for hands. [demonic ancestry]
  2644 | D:3      | Reached XP level 5. HP: 18/38 MP: 8/8
  3594 | D:4      | Reached skill level 4 in Unarmed Combat
  3654 | D:4      | Gained mutation: Your flesh is heat resistant. (rF+) [demonic ancestry]
  3654 | D:4      | Reached XP level 6. HP: 44/46 MP: 10/10
  3808 | D:5      | Entered Level 5 of the Dungeon
  3828 | D:5      | Noticed an ice beast
  3909 | D:5      | Found a snail-covered altar of Cheibriados.
  3909 | D:5      | Found a burning altar of Makhleb.
  4376 | D:5      | Noticed a sky beast
  4482 | D:5      | Reached XP level 7. HP: 52/52 MP: 6/11
  4695 | D:5      | Reached skill level 5 in Unarmed Combat
  4902 | D:5      | Noticed a two-headed ogre
  5177 | D:6      | Noticed Prince Ribbit
  5180 | D:6      | Reached skill level 5 in Transmutations
  5257 | D:6      | Found Qivut's Antique Armour Emporium.
  5588 | D:6      | Killed Prince Ribbit
  5588 | D:6      | Gained mutation: You are surrounded by a mild repulsion field. (EV +2) [demonic ancestry]
  5588 | D:6      | Reached XP level 8. HP: 60/60 MP: 7/13
  6117 | D:7      | Reached skill level 6 in Unarmed Combat
  6150 | D:7      | Reached skill level 1 in Armour
  6520 | D:7      | Found Fata's Magic Scroll Shoppe.
  6611 | D:7      | Bought a scroll of identify for 28 gold pieces
  6611 | D:7      | Bought a scroll of identify for 28 gold pieces
  6611 | D:7      | Bought a scroll of identify for 28 gold pieces
  7000 | D:7      | Noticed Joseph
  7065 | D:7      | Found a staircase to the Ecumenical Temple.
  7117 | Temple   | Entered the Ecumenical Temple
  7125 | Temple   | Became a worshipper of Warmaster Okawaru
  7192 | D:8      | Noticed a two-headed ogre
  7299 | D:8      | Noticed a hippogriff
  7321 | D:8      | Killed a hippogriff
  7321 | D:8      | Reached skill level 1 in Invocations
  7321 | D:8      | Gained mutation: You are surrounded by a moderate repulsion field. (EV +3) [demonic ancestry]
  7321 | D:8      | Reached XP level 9. HP: 44/66 MP: 8/15
  7384 | D:8      | Found a stormy altar of Qazlal.
  7699 | D:8      | Reached * piety under Okawaru
  7702 | D:8      | Reached skill level 7 in Unarmed Combat
  7750 | D:8      | Reached skill level 5 in Fighting
  7768 | D:8      | Reached skill level 5 in Spellcasting
  7922 | D:8      | Found an ornate altar of the Wu Jian Council.
  8137 | D:8      | Killed a two-headed ogre
  8137 | D:8      | Reached ** piety under Okawaru
  8553 | D:9      | Found Gasunk's Food Emporium.
  8763 | D:9      | Found a shadowy altar of Dithmenos.
  9019 | D:10     | Entered Level 10 of the Dungeon
  9027 | D:10     | Reached XP level 10. HP: 72/75 MP: 18/18
  9267 | D:10     | Reached *** piety under Okawaru
  9267 | D:10     | Reached skill level 8 in Unarmed Combat
  9326 | D:10     | Noticed Erolcha
  9336 | D:10     | Killed Erolcha
  9336 | D:10     | Reached skill level 5 in Invocations
  9494 | D:10     | Reached **** piety under Okawaru
  9809 | D:10     | Noticed Erica
  9819 | D:10     | Killed Erica
 10211 | D:11     | Found a staircase to the Orcish Mines.
 10327 | D:11     | Reached skill level 1 in Shields
 10328 | D:11     | Reached skill level 9 in Unarmed Combat
 10347 | D:11     | Gained mutation: You are immune to clouds of flame. [demonic ancestry]
 10347 | D:11     | Reached XP level 11. HP: 66/83 MP: 20/20
 10360 | D:11     | Reached ***** piety under Okawaru
 10602 | D:11     | Got a pair of encrusted boots
 10608 | D:11     | Identified the +2 pair of boots "Coor" {Str+3} (You found it on level 11 of the Dungeon)
 10616 | D:11     | Found a staircase to the Lair.
 10670 | D:11     | Noticed a two-headed ogre
 10689 | D:11     | Killed a two-headed ogre
 10703 | D:11     | Noticed a two-headed ogre
 10714 | D:11     | Killed a two-headed ogre
 10730 | D:11     | HP: 1/83 [troll (5)]
 10730 | D:11     | Slain by a troll

Vault maps used:
D:1:      tarquinn_simple_flora_water_e, wad_floor_pattern_1,
          minmay_misc_feat_columns, evilmike_ruin_ashenzari
D:2:      first_ration
D:4:      dk_noncrumbling_4, minmay_small_thing
D:5:      grunt_temple_overflow_open
D:6:      serial_shops, kennysheep_mini, uniq_prince_ribbit1
D:7:      temple_hall_moat, serial_shops, shop, grunt_ogre_cave, uniq_joseph
D:8:      old_standard_altar, lemuel_round_altar
D:9:      basic_altar, serial_shops, shop
D:10:     uniq_erica, uniq_erolcha
D:11:     minmay_the_grid_plus
Temple:   nicolae_temple_no_exploring_needed

Skill      XL: |  1  2  3  4  5  6  7  8  9 10 11 |
---------------+----------------------------------+-----
Transmutations | 2 3 4 5 6 7 |  7.7
Unarmed Combat | 3 4 5 6 7 9 |  9.3
Fighting       | 2 3 4 5 6 |  6.8
Spellcasting   | 3 4 5 6 |  6.4
Armour         | 1 3 4 |  4.9
Invocations    | 1 4 6 |  6.4
Shields        | 1 2 |  2.0
Dodging        | |  1.7

Action                   |  1- 3 |  4- 6 |  7- 9 | 10-12 || total
-------------------------+-------+-------+-------+-------++-------
Melee: Unarmed           |    48 |    19 |   244 |   161 ||   472
       Kick              |     6 |     4 |       |     1 ||    11
       Hand axe          |    56 |    88 |       |       ||   144
       Punch             |     2 |     1 |     7 |     2 ||    12
       Headbutt          |     2 |       |       |    12 ||    14
 Cast: Beastly Appendage |    16 |     8 |       |     4 ||    28
       Spider Form       |       |     2 |       |       ||     2
       Sticks to Snakes  |       |     8 |    21 |       ||    29
Invok: Heroism           |       |       |     3 |     7 ||    10
  Use: Scroll            |       |     9 |     6 |     3 ||    18
       Potion            |       |     1 |       |       ||     1
 Stab: Distracted        |       |     1 |     1 |       ||     2
       Sleeping          |       |     1 |     1 |       ||     2
  Eat: Chunk             |     3 |     7 |    17 |     4 ||    31
       Ration            |       |     1 |       |     1 ||     2
Armor: Robe              |    19 |       |       |       ||    19
       Leather armour    |    22 |    33 |    61 |       ||   116
       Skin              |       |     4 |       |       ||     4
       Plate armour      |       |       |     2 |    47 ||    49
       Scale mail        |       |       |       |    11 ||    11
Dodge: Dodged            |    76 |    75 |   121 |    39 ||   311
Block: Other             |       |     1 |    19 |    13 ||    33
       Buckler           |       |       |       |    23 ||    23

Table legend:
 A = Spawn XP
 B = Non-spawn XP
 C = Spawn XP percentage of total XP
 D = Spawn monster count
 E = Non-spawn monster count
 F = Spawn count percentage of total count
 G = Total turns spent on level
                    A         B        C        D         E        F      G
               +---------+---------+-------+---------+---------+-------+---------
         Total |       0 |   13512 |   0.0 |       0 |     208 |   0.0 | 10730
               +---------+---------+-------+---------+---------+-------+---------
           D:1 |       0 |      51 |   0.0 |       0 |      26 |   0.0 |  1304
           D:2 |       0 |      53 |   0.0 |       0 |      16 |   0.0 |   660
           D:3 |       0 |      94 |   0.0 |       0 |      26 |   0.0 |   887
           D:4 |       0 |     262 |   0.0 |       0 |      10 |   0.0 |  1134
           D:5 |       0 |     651 |   0.0 |       0 |      14 |   0.0 |   928
           D:6 |       0 |     532 |   0.0 |       0 |      11 |   0.0 |   851
           D:7 |       0 |    1047 |   0.0 |       0 |      30 |   0.0 |  1697
           D:8 |       0 |    2247 |   0.0 |       0 |      21 |   0.0 |   990
           D:9 |       0 |     681 |   0.0 |       0 |      12 |   0.0 |   662
          D:10 |       0 |    4403 |   0.0 |       0 |      29 |   0.0 |  1074
          D:11 |       0 |    3491 |   0.0 |       0 |      13 |   0.0 |   526
               +---------+---------+-------+---------+---------+-------+---------
